[ AOE2 MATCH · #490835136 ]
Team RMMalians vs Mongols
[ REPLAY ANALYSIS · EXTRACTED FROM THE RECORDED GAME ]
Feudal
7:36
Castle
12:24
Imperial
—
| APM avg | 25.7 |
| APM peak | 83 |
| eAPM avg | 10.7 |
| Villagers / military | 36 / 22 |
Focus
⚔️ 31.8% · 🌾 68.2%
Gbeto ×22
Feudal
5:30
Castle
14:01
Imperial
—
| APM avg | 14.0 |
| APM peak | 45 |
| eAPM avg | 12.0 |
| Villagers / military | 40 / 1 |
Focus
⚔️ 15.1% · 🌾 84.9%
Genitour ×1
Feudal
6:44
Castle
12:02
Imperial
—
| APM avg | 25.0 |
| APM peak | 43 |
| eAPM avg | 17.2 |
| Villagers / military | 42 / 2 |
Focus
⚔️ 9.0% · 🌾 91.0%
Monk ×2
Feudal
7:36
Castle
11:18
Imperial
—
| APM avg | 26.8 |
| APM peak | 55 |
| eAPM avg | 14.6 |
| Villagers / military | 48 / 13 |
Focus
⚔️ 31.9% · 🌾 68.1%
Longbowman ×13
Feudal
9:22
Castle
13:21
Imperial
—
| APM avg | 31.1 |
| APM peak | 56 |
| eAPM avg | 14.7 |
| Villagers / military | 88 / 0 |
Focus
⚔️ 15.3% · 🌾 84.7%
Feudal
8:05
Castle
12:00
Imperial
—
| APM avg | 19.6 |
| APM peak | 54 |
| eAPM avg | 11.7 |
| Villagers / military | 36 / 13 |
Focus
⚔️ 18.2% · 🌾 81.8%
Conquistador ×9 · Petard ×4
Feudal
7:39
Castle
11:17
Imperial
—
| APM avg | 16.4 |
| APM peak | 45 |
| eAPM avg | 8.4 |
| Villagers / military | 30 / 3 |
Focus
⚔️ 6.5% · 🌾 93.5%
Camel Archer ×3
Feudal
8:27
Castle
13:11
Imperial
—
| APM avg | 21.1 |
| APM peak | 58 |
| eAPM avg | 12.0 |
| Villagers / military | 59 / 0 |
Focus
⚔️ 14.0% · 🌾 86.0%
Match map
Initial resources + every placement click. Lines = walls · curves = elevation contours. ◆ gold · ⬟ stone · ● berries · ✦ relic · ◌ wall gap
Your base· ✓ Closed at 12:24 · 15t walls · 9 gate(s)
[GDL]Cucumber's base· ✓ Closed at 14:01 · 15t walls · 6 gate(s)
El Sr Don Jp's base· ✓ Closed at 12:02 · 0t walls · 8 gate(s)
El Wicho's base· ✓ Closed at 11:18 · 18t walls · 7 gate(s)
LuLALa's base· ✓ Closed at 13:21 · 0t walls · 9 gate(s)
RagnarokCo's base· ✓ Closed at 12:00 · 0t walls · 4 gate(s)
Vicky's base· ✓ Closed at 11:17 · 0t walls · 5 gate(s)
Codiman's base· ✓ Closed at 13:11 · 42t walls · 5 gate(s)
Smoothed initial terrain · ◌ = detected wall gap · hover for details
Inputs per minute
— Dadagama - - [GDL]Cucumber
Build order — Dadagama
78 actions detected in the replay
| 0:01 | Create | Villager (Male) |
| 0:01 | Create | Villager (Male) |
| 0:13 | Create | Villager (Male) ×2 |
| 0:13 | Create | Villager (Male) ×2 |
| 0:22 | Build | Lumber Camp |
| 1:28 | Create | Villager (Male) |
| 1:28 | Create | Villager (Male) |
| 1:28 | Create | Villager (Male) |
| 2:10 | Build | Mill |
| 2:14 | Create | Villager (Male) |
| 2:14 | Create | Villager (Male) |
| 2:35 | Create | Villager (Male) |
| 3:26 | Create | Villager (Male) |
| 3:26 | Create | Villager (Male) |
| 4:05 | Create | Villager (Male) |
| 4:05 | Create | Villager (Male) |
| 4:23 | Build | Farm |
| 5:00 | Create | Villager (Male) |
| 5:21 | Research | Feudal Age |
| 5:49 | Build | Mining Camp |
| 5:59 | Create | Villager (Male) ×2 |
| 6:41 | Create | Villager (Male) |
| 6:41 | Create | Villager (Male) |
| 7:29 | Build | Farm |
| 7:36 | Age | Feudal Age |
| 7:38 | Build | Market |
| 7:40 | Build | Blacksmith |
| 8:02 | Build | Farm |
| 8:24 | Build | Farm |
| 8:38 | Create | Villager (Male) |
| 8:42 | Build | Barracks |
| 8:50 | Build | Stable |
| 9:05 | Build | Farm |
| 9:16 | Build | Farm |
| 9:44 | Research | Castle Age |
| 9:53 | Build | House |
| 10:05 | Research | Arson |
| 10:19 | Research | Double-Bit Axe |
| 10:25 | Build | Farm |
| 10:51 | Build | Stone Wall |
| 11:15 | Research | Gold Mining |
| 11:26 | Research | Horse Collar |
| 11:32 | Research | Scale Mail Armor |
| 12:24 | Age | Castle Age |
| 12:25 | Create | Gbeto ×4 |
| 12:42 | Research | Forging |
| 13:01 | Create | Gbeto |
| 13:10 | Build | Farm |
| 13:17 | Build | Farm |
| 13:17 | Build | Farm |
| 13:18 | Build | Farm |
| 13:18 | Build | Farm |
| 13:18 | Build | Farm |
| 13:18 | Build | Farm |
| 13:18 | Build | Farm |
| 13:23 | Create | Villager (Male) |
| 13:30 | Create | Gbeto |
| 13:34 | Create | Villager (Male) |
| 13:37 | Create | Gbeto |
| 14:09 | Create | Villager (Male) |
| 14:11 | Create | Gbeto |
| 14:15 | Build | Farm |
| 14:26 | Create | Gbeto |
| 14:26 | Create | Gbeto |
| 15:20 | Create | Gbeto |
| 15:21 | Create | Gbeto |
| 15:22 | Create | Villager (Male) |
| 15:22 | Create | Villager (Male) |
| 15:22 | Create | Villager (Male) |
| 15:34 | Research | Iron Casting |
| 16:03 | Create | Gbeto ×3 |
| 16:16 | Create | Villager (Male) ×3 |
| 16:52 | Create | Gbeto |
| 16:52 | Create | Gbeto |
| 16:52 | Create | Villager (Male) |
| 16:53 | Create | Villager (Male) |
| 18:17 | Create | Gbeto ×5 |
| 18:22 | Create | Villager (Male) ×3 |
Build order — [GDL]Cucumber
88 actions detected in the replay
| 0:00 | Create | Villager (Male) |
| 0:00 | Create | Villager (Male) |
| 0:01 | Create | Villager (Male) |
| 0:01 | Create | Villager (Male) |
| 0:32 | Build | Mill |
| 1:20 | Create | Villager (Male) |
| 2:03 | Create | Villager (Male) |
| 2:14 | Create | Villager (Male) |
| 2:31 | Create | Villager (Male) |
| 3:15 | Research | Feudal Age |
| 3:48 | Build | Lumber Camp |
| 4:20 | Create | Villager (Male) |
| 4:20 | Create | Villager (Male) |
| 4:59 | Create | Villager (Male) |
| 4:59 | Create | Villager (Male) |
| 5:13 | Build | Mining Camp |
| 5:30 | Age | Feudal Age |
| 5:38 | Research | Double-Bit Axe |
| 5:56 | Create | Villager (Male) |
| 6:27 | Create | Villager (Male) |
| 6:52 | Create | Villager (Male) |
| 6:58 | Build | Blacksmith |
| 7:17 | Create | Villager (Male) |
| 7:40 | Create | Villager (Male) |
| 8:02 | Build | Market |
| 8:15 | Create | Villager (Male) |
| 8:31 | Build | Farm |
| 8:40 | Create | Villager (Male) |
| 8:46 | Build | Farm |
| 9:03 | Build | Farm |
| 9:13 | Build | Farm |
| 9:14 | Create | Villager (Male) |
| 9:24 | Build | Farm |
| 9:46 | Build | Farm |
| 10:00 | Build | Farm |
| 10:11 | Build | Farm |
| 10:25 | Build | Farm |
| 10:30 | Create | Villager (Male) |
| 10:41 | Build | Farm |
| 10:53 | Create | Villager (Male) |
| 10:58 | Build | Farm |
| 11:09 | Build | Farm |
| 11:21 | Research | Castle Age |
| 11:48 | Build | Archery Range |
| 12:26 | Research | Padded Archer Armor |
| 12:26 | Research | Fletching |
| 12:34 | Create | Villager (Male) |
| 12:59 | Build | Stone Wall |
| 13:07 | Create | Villager (Male) |
| 13:32 | Build | Stone Wall |
| 13:32 | Build | Stone Wall |
| 13:37 | Build | Stone Wall |
| 13:41 | Create | Villager (Male) |
| 14:01 | Age | Castle Age |
| 14:11 | Build | Town Center |
| 14:13 | Create | Villager (Male) |
| 14:13 | Create | Villager (Male) |
| 14:41 | Research | Bow Saw |
| 14:46 | Create | Villager (Male) |
| 14:49 | Research | Leather Archer Armor |
| 14:52 | Research | Bodkin Arrow |
| 15:06 | Create | Genitour |
| 15:20 | Create | Villager (Male) |
| 15:29 | Build | Farm |
| 15:29 | Build | Farm |
| 15:31 | Create | Villager (Male) |
| 15:36 | Create | Villager (Male) |
| 15:53 | Research | Loom |
| 16:02 | Create | Villager (Male) |
| 16:02 | Create | Villager (Male) |
| 16:07 | Build | Farm |
| 16:10 | Build | Farm |
| 16:10 | Build | Farm |
| 16:11 | Build | Farm |
| 16:11 | Build | Farm |
| 16:15 | Create | Villager (Male) |
| 16:20 | Create | Villager (Male) |
| 16:34 | Create | Villager (Male) |
| 16:45 | Build | Town Center |
| 16:54 | Create | Villager (Male) |
| 17:02 | Build | Stone Wall |
| 17:03 | Build | Stone Wall |
| 17:12 | Research | Wheelbarrow |
| 17:17 | Create | Villager (Male) |
| 17:24 | Build | Farm |
| 17:28 | Build | Farm |
| 17:56 | Create | Villager (Male) |
| 17:56 | Create | Villager (Male) |
Build order — El Sr Don Jp
75 actions detected in the replay
| 0:03 | Create | Villager (Male) |
| 0:03 | Create | Villager (Male) |
| 0:08 | Build | Lumber Camp |
| 0:23 | Create | Villager (Male) |
| 0:24 | Create | Villager (Male) |
| 0:49 | Create | Villager (Male) |
| 1:10 | Create | Villager (Male) |
| 1:10 | Create | Villager (Male) |
| 1:41 | Build | Mill |
| 2:41 | Create | Villager (Male) |
| 2:41 | Create | Villager (Male) |
| 2:41 | Create | Villager (Male) |
| 3:47 | Create | Villager (Male) |
| 3:54 | Build | Farm |
| 4:00 | Research | Loom |
| 4:01 | Research | Feudal Age |
| 4:07 | Build | Lumber Camp |
| 4:21 | Build | Mining Camp |
| 4:41 | Create | Villager (Male) |
| 4:42 | Create | Villager (Male) |
| 6:44 | Age | Feudal Age |
| 6:46 | Build | Market |
| 7:12 | Build | Farm |
| 7:26 | Research | Double-Bit Axe |
| 7:35 | Create | Villager (Male) |
| 7:37 | Build | Farm |
| 8:00 | Create | Villager (Male) |
| 8:11 | Build | Blacksmith |
| 8:23 | Create | Villager (Male) |
| 8:32 | Build | Farm |
| 8:39 | Create | Villager (Male) |
| 8:50 | Build | Farm |
| 8:58 | Create | Villager (Male) |
| 9:14 | Build | Farm |
| 9:37 | Research | Castle Age |
| 9:37 | Research | Castle Age |
| 9:39 | Build | Farm |
| 10:03 | Research | Horse Collar |
| 10:40 | Create | Villager (Male) |
| 10:40 | Create | Villager (Male) |
| 12:02 | Age | Castle Age |
| 12:05 | Build | Town Center |
| 12:47 | Create | Villager (Male) |
| 13:08 | Create | Villager (Male) |
| 13:18 | Build | Town Center |
| 13:30 | Create | Villager (Male) |
| 13:31 | Create | Villager (Male) |
| 13:35 | Build | Farm |
| 13:39 | Create | Villager (Male) |
| 13:39 | Create | Villager (Male) |
| 14:12 | Create | Villager (Male) |
| 14:12 | Create | Villager (Male) |
| 14:23 | Create | Villager (Male) |
| 14:23 | Create | Villager (Male) |
| 14:25 | Create | Villager (Male) |
| 14:26 | Create | Villager (Male) |
| 14:30 | Research | Bow Saw |
| 14:31 | Research | Heavy Plow |
| 14:37 | Create | Villager (Male) |
| 14:37 | Create | Villager (Male) |
| 14:38 | Create | Villager (Male) |
| 14:52 | Create | Villager (Male) |
| 14:52 | Create | Villager (Male) |
| 15:08 | Create | Villager (Male) |
| 15:08 | Create | Villager (Male) |
| 15:21 | Build | Farm |
| 15:24 | Build | Farm |
| 15:27 | Build | Farm |
| 15:52 | Build | Monastery |
| 15:59 | Build | Monastery |
| 16:01 | Create | Villager (Male) |
| 16:01 | Create | Villager (Male) |
| 16:15 | Create | Villager (Male) |
| 17:01 | Create | Monk |
| 17:02 | Create | Monk |
Build order — El Wicho
118 actions detected in the replay
| 0:00 | Create | Villager (Male) |
| 0:01 | Create | Villager (Male) |
| 0:07 | Build | Mill |
| 0:08 | Create | Villager (Male) |
| 0:29 | Create | Villager (Male) |
| 0:58 | Build | Lumber Camp |
| 0:59 | Create | Villager (Male) |
| 1:14 | Create | Villager (Male) |
| 1:30 | Create | Villager (Male) |
| 1:47 | Create | Villager (Male) |
| 1:48 | Create | Villager (Male) |
| 2:17 | Create | Villager (Male) |
| 2:17 | Create | Villager (Male) |
| 2:45 | Create | Villager (Male) |
| 2:48 | Create | Villager (Male) |
| 2:48 | Create | Villager (Male) |
| 3:03 | Create | Villager (Male) |
| 3:28 | Create | Villager (Male) |
| 3:35 | Create | Villager (Male) |
| 3:48 | Create | Villager (Male) |
| 4:08 | Create | Villager (Male) |
| 5:22 | Research | Feudal Age |
| 5:30 | Build | Mining Camp |
| 6:24 | Build | House |
| 6:45 | Build | Farm |
| 7:36 | Age | Feudal Age |
| 7:38 | Create | Villager (Male) |
| 7:41 | Build | Market |
| 7:44 | Build | Blacksmith |
| 7:59 | Build | Farm |
| 8:01 | Create | Villager (Male) |
| 8:18 | Build | Lumber Camp |
| 8:33 | Build | Farm |
| 8:38 | Research | Castle Age |
| 8:44 | Build | Stone Wall |
| 8:57 | Build | Stone Wall |
| 9:13 | Build | Gate |
| 9:32 | Build | House |
| 9:34 | Build | House |
| 9:36 | Build | House |
| 10:00 | Research | Double-Bit Axe |
| 10:02 | Research | Horse Collar |
| 10:37 | Research | Loom |
| 10:47 | Build | Barracks |
| 10:51 | Build | House |
| 11:09 | Build | House |
| 11:18 | Age | Castle Age |
| 11:22 | Build | Farm |
| 11:23 | Create | Villager (Male) |
| 11:28 | Create | Villager (Male) |
| 11:38 | Research | Bow Saw |
| 11:43 | Create | Longbowman |
| 11:44 | Create | Villager (Male) |
| 11:50 | Build | House |
| 11:51 | Build | House |
| 12:20 | Create | Villager (Male) |
| 12:23 | Build | Mining Camp |
| 12:26 | Build | House |
| 12:32 | Create | Villager (Male) |
| 12:41 | Create | Longbowman |
| 12:43 | Create | Villager (Male) |
| 12:51 | Build | Farm |
| 12:57 | Create | Longbowman |
| 13:08 | Build | Farm |
| 13:14 | Build | House |
| 13:18 | Create | Villager (Male) |
| 13:26 | Build | Farm |
| 13:32 | Build | Farm |
| 13:54 | Create | Villager (Male) |
| 13:57 | Build | House |
| 13:58 | Build | House |
| 14:01 | Create | Villager (Male) |
| 14:07 | Build | Town Center |
| 14:17 | Build | Farm |
| 14:20 | Build | Farm |
| 14:31 | Create | Longbowman |
| 14:36 | Create | Villager (Male) |
| 14:50 | Create | Villager (Male) |
| 14:52 | Create | Longbowman |
| 15:01 | Build | House |
| 15:06 | Build | House |
| 15:14 | Create | Longbowman |
| 15:16 | Create | Villager (Male) |
| 15:25 | Research | Town Watch |
| 15:28 | Build | Farm |
| 15:31 | Create | Villager (Male) |
| 15:42 | Create | Villager (Male) |
| 15:45 | Create | Villager (Male) |
| 15:51 | Create | Villager (Male) |
| 15:58 | Build | House |
| 16:00 | Create | Villager (Male) |
| 16:10 | Create | Longbowman |
| 16:10 | Create | Longbowman |
| 16:11 | Create | Longbowman |
| 16:20 | Research | Gold Mining |
| 16:54 | Create | Villager (Male) |
| 17:03 | Create | Longbowman |
| 17:09 | Build | Town Center |
| 17:11 | Create | Villager (Male) |
| 17:13 | Create | Villager (Male) |
| 17:18 | Build | Farm |
| 17:25 | Create | Villager (Male) |
| 17:27 | Create | Longbowman |
| 17:27 | Create | Longbowman |
| 17:37 | Research | Fletching |
| 17:39 | Create | Villager (Male) |
| 17:46 | Create | Villager (Male) |
| 17:53 | Create | Longbowman |
| 17:58 | Create | Villager (Male) |
| 18:09 | Create | Villager (Male) |
| 18:10 | Create | Villager (Male) |
| 18:13 | Build | Mill |
| 18:13 | Build | Farm |
| 18:14 | Build | Farm |
| 18:14 | Build | Farm |
| 18:14 | Build | Farm |
| 18:15 | Build | Farm |
| 18:20 | Create | Villager (Male) |
Build order — LuLALa
131 actions detected in the replay
| 0:11 | Create | Villager (Male) ×4 |
| 0:12 | Create | Villager (Male) ×4 |
| 1:05 | Build | Lumber Camp |
| 2:35 | Research | Loom |
| 2:35 | Research | Loom |
| 2:36 | Create | Villager (Male) ×3 |
| 2:36 | Create | Villager (Male) ×3 |
| 3:37 | Create | Villager (Male) |
| 3:37 | Create | Villager (Male) |
| 3:38 | Create | Villager (Male) |
| 3:38 | Create | Villager (Male) |
| 3:38 | Create | Villager (Male) |
| 3:49 | Build | Mill |
| 4:18 | Create | Villager (Male) |
| 4:18 | Create | Villager (Male) |
| 4:19 | Create | Villager (Male) |
| 4:32 | Build | Farm |
| 4:34 | Build | Farm |
| 4:54 | Create | Villager (Male) |
| 4:54 | Create | Villager (Male) |
| 5:08 | Create | Villager (Male) |
| 5:08 | Create | Villager (Male) |
| 5:17 | Create | Villager (Male) |
| 5:17 | Create | Villager (Male) |
| 5:17 | Create | Villager (Male) |
| 5:27 | Build | Farm |
| 5:43 | Create | Villager (Male) |
| 5:43 | Create | Villager (Male) |
| 6:03 | Create | Villager (Male) |
| 6:03 | Create | Villager (Male) |
| 6:03 | Create | Villager (Male) |
| 6:07 | Create | Villager (Male) |
| 6:07 | Create | Villager (Male) |
| 6:07 | Create | Villager (Male) |
| 6:21 | Build | Lumber Camp |
| 6:23 | Create | Villager (Male) |
| 6:30 | Build | Mining Camp |
| 7:12 | Research | Feudal Age |
| 7:13 | Research | Feudal Age |
| 7:48 | Create | Villager (Male) |
| 7:48 | Create | Villager (Male) |
| 8:43 | Build | Farm |
| 8:53 | Build | Farm |
| 8:56 | Create | Villager (Male) |
| 8:56 | Create | Villager (Male) |
| 9:22 | Age | Feudal Age |
| 9:27 | Build | Blacksmith |
| 9:34 | Build | Market |
| 10:05 | Create | Villager (Male) |
| 10:41 | Research | Castle Age |
| 10:42 | Research | Castle Age |
| 10:45 | Research | Double-Bit Axe |
| 12:11 | Create | Villager (Male) |
| 12:11 | Create | Villager (Male) |
| 12:23 | Research | Horse Collar |
| 12:23 | Research | Horse Collar |
| 13:15 | Create | Villager (Male) |
| 13:16 | Create | Villager (Male) |
| 13:16 | Create | Villager (Male) |
| 13:21 | Age | Castle Age |
| 13:27 | Build | Town Center |
| 13:44 | Build | Town Center |
| 13:52 | Create | Villager (Male) |
| 14:16 | Build | Farm |
| 14:17 | Build | Farm |
| 14:18 | Build | Farm |
| 14:19 | Build | Farm |
| 15:16 | Create | Villager (Male) |
| 15:17 | Create | Villager (Male) |
| 15:17 | Create | Villager (Male) |
| 15:17 | Create | Villager (Male) |
| 15:25 | Create | Villager (Male) |
| 15:26 | Create | Villager (Male) |
| 15:26 | Create | Villager (Male) |
| 15:26 | Create | Villager (Male) |
| 15:36 | Build | House |
| 15:39 | Build | House |
| 15:40 | Build | House |
| 15:44 | Build | Palisade Gate |
| 15:54 | Create | Villager (Male) |
| 15:54 | Create | Villager (Male) |
| 16:00 | Build | Farm |
| 16:01 | Build | Farm |
| 16:02 | Create | Villager (Male) |
| 16:03 | Create | Villager (Male) |
| 16:08 | Build | House |
| 16:10 | Build | House |
| 16:18 | Create | Villager (Male) |
| 16:19 | Create | Villager (Male) |
| 16:19 | Create | Villager (Male) |
| 16:21 | Create | Villager (Male) |
| 16:21 | Create | Villager (Male) |
| 16:28 | Build | Palisade Gate |
| 16:31 | Build | House |
| 16:34 | Build | House |
| 16:36 | Build | House |
| 16:38 | Create | Villager (Male) |
| 16:38 | Create | Villager (Male) |
| 16:42 | Create | Villager (Male) |
| 16:42 | Create | Villager (Male) |
| 16:42 | Create | Villager (Male) |
| 16:42 | Create | Villager (Male) |
| 16:51 | Create | Villager (Male) |
| 16:51 | Create | Villager (Male) |
| 17:04 | Build | Farm |
| 17:05 | Build | Farm |
| 17:06 | Create | Villager (Male) |
| 17:07 | Create | Villager (Male) |
| 17:09 | Build | House |
| 17:11 | Create | Villager (Male) |
| 17:11 | Create | Villager (Male) |
| 17:21 | Build | Farm |
| 17:22 | Build | Farm |
| 17:24 | Build | Farm |
| 17:25 | Build | Farm |
| 17:29 | Create | Villager (Male) |
| 17:29 | Create | Villager (Male) |
| 17:43 | Create | Villager (Male) |
| 17:43 | Create | Villager (Male) |
| 17:54 | Build | House |
| 17:57 | Build | Palisade Gate |
| 17:58 | Build | House |
| 17:59 | Build | House |
| 18:00 | Build | House |
| 18:02 | Create | Villager (Male) |
| 18:02 | Create | Villager (Male) |
| 18:10 | Create | Villager (Male) |
| 18:10 | Create | Villager (Male) |
| 18:17 | Build | Farm |
| 18:18 | Create | Villager (Male) |
| 18:18 | Create | Villager (Male) |
Build order — RagnarokCo
95 actions detected in the replay
| 0:03 | Create | Villager (Male) |
| 0:08 | Build | Lumber Camp |
| 0:14 | Create | Villager (Male) |
| 0:37 | Build | Mill |
| 0:40 | Create | Villager (Male) |
| 1:02 | Create | Villager (Male) |
| 1:19 | Create | Villager (Male) |
| 1:52 | Create | Villager (Male) |
| 2:13 | Create | Villager (Male) |
| 2:43 | Create | Villager (Male) |
| 2:43 | Create | Villager (Male) |
| 2:45 | Create | Villager (Male) |
| 2:46 | Create | Villager (Male) |
| 3:55 | Create | Villager (Male) |
| 4:17 | Create | Villager (Male) |
| 4:45 | Build | Mining Camp |
| 4:54 | Create | Villager (Male) |
| 5:16 | Research | Feudal Age |
| 5:26 | Create | Villager (Male) |
| 5:31 | Build | Farm |
| 5:45 | Build | House |
| 5:47 | Build | House |
| 5:47 | Build | House |
| 5:55 | Research | Feudal Age |
| 7:34 | Build | House |
| 7:40 | Research | Loom |
| 7:46 | Create | Villager (Male) |
| 8:05 | Age | Feudal Age |
| 8:09 | Build | Blacksmith |
| 8:13 | Build | Market |
| 8:16 | Create | Villager (Male) |
| 8:35 | Create | Villager (Male) |
| 8:44 | Build | Farm |
| 9:17 | Research | Castle Age |
| 9:17 | Research | Castle Age |
| 9:23 | Build | Farm |
| 9:31 | Build | House |
| 9:51 | Research | Double-Bit Axe |
| 10:07 | Build | Farm |
| 10:10 | Build | Farm |
| 10:13 | Research | Horse Collar |
| 10:17 | Build | House |
| 10:41 | Research | Gold Mining |
| 10:45 | Build | House |
| 10:51 | Research | Loom |
| 11:13 | Build | House |
| 11:22 | Create | Villager (Male) |
| 11:51 | Build | House |
| 12:00 | Age | Castle Age |
| 12:04 | Create | Petard |
| 12:04 | Create | Petard |
| 12:09 | Create | Conquistador |
| 12:15 | Build | House |
| 12:17 | Create | Villager (Male) |
| 12:34 | Build | Farm |
| 12:48 | Build | Stable |
| 12:55 | Create | Conquistador |
| 13:03 | Create | Villager (Male) |
| 13:05 | Build | Farm |
| 13:06 | Build | Farm |
| 13:06 | Build | Farm |
| 13:30 | Research | Bow Saw |
| 13:31 | Create | Villager (Male) |
| 13:34 | Build | House |
| 13:52 | Create | Conquistador |
| 14:05 | Build | Farm |
| 14:14 | Build | Farm |
| 14:16 | Create | Conquistador |
| 14:23 | Create | Villager (Male) |
| 14:23 | Create | Villager (Male) |
| 14:38 | Create | Villager (Male) |
| 14:45 | Build | Farm |
| 14:55 | Build | Farm |
| 14:58 | Create | Conquistador |
| 15:06 | Create | Villager (Male) |
| 15:23 | Build | Farm |
| 15:23 | Build | Farm |
| 15:25 | Create | Conquistador |
| 15:53 | Create | Villager (Male) |
| 15:55 | Create | Conquistador |
| 16:06 | Research | Bloodlines |
| 16:29 | Create | Villager (Male) |
| 16:32 | Build | Farm |
| 16:33 | Build | Farm |
| 16:50 | Create | Conquistador |
| 16:51 | Create | Villager (Male) |
| 16:52 | Create | Villager (Male) |
| 17:18 | Create | Villager (Male) |
| 17:21 | Create | Villager (Male) |
| 17:24 | Build | Town Center |
| 17:35 | Create | Conquistador |
| 18:00 | Create | Petard |
| 18:00 | Create | Petard |
| 18:14 | Create | Villager (Male) |
| 18:20 | Create | Villager (Male) ×3 |
Build order — Vicky
58 actions detected in the replay
| 0:02 | Create | Villager (Male) ×4 |
| 0:14 | Build | Lumber Camp |
| 0:28 | Build | Mill |
| 0:59 | Create | Villager (Male) |
| 1:46 | Create | Villager (Male) |
| 2:06 | Create | Villager (Male) |
| 2:26 | Create | Villager (Male) |
| 2:44 | Build | Farm |
| 2:51 | Create | Villager (Male) |
| 3:03 | Create | Villager (Male) |
| 3:18 | Create | Villager (Male) |
| 3:39 | Build | Farm |
| 3:56 | Create | Villager (Male) |
| 4:29 | Create | Villager (Male) |
| 4:29 | Create | Villager (Male) |
| 4:52 | Create | Villager (Male) |
| 5:10 | Build | Mining Camp |
| 5:29 | Research | Feudal Age |
| 5:37 | Build | Farm |
| 6:02 | Create | Villager (Male) |
| 6:39 | Create | Villager (Male) |
| 7:39 | Age | Feudal Age |
| 7:41 | Build | Market |
| 7:47 | Build | Blacksmith |
| 8:31 | Research | Double-Bit Axe |
| 8:37 | Research | Castle Age |
| 8:38 | Research | Castle Age |
| 9:28 | Research | Horse Collar |
| 9:38 | Build | Farm |
| 9:53 | Build | Farm |
| 10:11 | Create | Villager (Male) |
| 11:02 | Research | Wheelbarrow |
| 11:17 | Age | Castle Age |
| 11:21 | Build | Town Center |
| 11:30 | Research | Bow Saw |
| 11:45 | Create | Villager (Male) |
| 11:51 | Build | Farm |
| 12:32 | Research | Heavy Plow |
| 12:35 | Create | Villager (Male) |
| 12:54 | Create | Villager (Male) |
| 13:02 | Create | Villager (Male) |
| 13:02 | Create | Villager (Male) |
| 13:23 | Create | Villager (Male) |
| 13:28 | Create | Villager (Male) |
| 13:29 | Create | Villager (Male) |
| 13:44 | Build | Town Center |
| 13:57 | Create | Villager (Male) |
| 14:06 | Create | Camel Archer |
| 14:07 | Create | Camel Archer |
| 14:12 | Build | Farm |
| 14:14 | Build | Farm |
| 14:16 | Create | Villager (Male) |
| 14:20 | Create | Villager (Male) |
| 14:42 | Build | Farm |
| 14:43 | Build | Farm |
| 14:44 | Build | Farm |
| 14:46 | Create | Villager (Male) |
| 14:54 | Create | Camel Archer |
Build order — Codiman
102 actions detected in the replay
| 0:02 | Create | Villager (Male) |
| 0:03 | Create | Villager (Male) |
| 0:24 | Create | Villager (Male) |
| 0:25 | Create | Villager (Male) |
| 0:25 | Create | Villager (Male) |
| 1:16 | Build | Lumber Camp |
| 1:39 | Create | Villager (Male) |
| 1:40 | Create | Villager (Male) |
| 1:52 | Create | Villager (Male) |
| 1:53 | Create | Villager (Male) |
| 1:53 | Create | Villager (Male) |
| 1:57 | Create | Villager (Male) |
| 1:58 | Create | Villager (Male) |
| 2:13 | Create | Villager (Male) |
| 2:13 | Create | Villager (Male) |
| 2:55 | Create | Villager (Male) |
| 2:55 | Create | Villager (Male) |
| 3:16 | Create | Villager (Male) |
| 3:21 | Build | Mill |
| 3:36 | Create | Villager (Male) |
| 4:01 | Build | Farm |
| 4:10 | Build | Farm |
| 4:11 | Create | Villager (Male) |
| 4:47 | Build | Lumber Camp |
| 5:32 | Create | Villager (Male) |
| 5:42 | Create | Villager (Male) |
| 5:50 | Create | Villager (Male) |
| 6:00 | Build | Mining Camp |
| 6:11 | Research | Feudal Age |
| 6:17 | Build | Farm |
| 6:17 | Build | Farm |
| 6:17 | Build | Farm |
| 6:19 | Build | Farm |
| 6:37 | Create | Villager (Male) |
| 6:38 | Create | Villager (Male) |
| 7:46 | Create | Villager (Male) |
| 8:07 | Create | Villager (Male) |
| 8:27 | Age | Feudal Age |
| 8:35 | Build | Stone Wall |
| 8:39 | Build | Stone Wall |
| 8:51 | Build | Stone Wall |
| 8:53 | Create | Villager (Male) |
| 9:00 | Build | Market |
| 9:03 | Create | Villager (Male) |
| 9:11 | Build | Blacksmith |
| 9:27 | Create | Villager (Male) |
| 9:52 | Build | Farm |
| 10:31 | Research | Castle Age |
| 11:24 | Research | Double-Bit Axe |
| 11:27 | Research | Horse Collar |
| 13:11 | Age | Castle Age |
| 13:16 | Build | Town Center |
| 13:27 | Build | Town Center |
| 13:34 | Create | Villager (Male) |
| 13:35 | Create | Villager (Male) |
| 13:35 | Create | Villager (Male) |
| 13:38 | Create | Villager (Male) |
| 14:20 | Research | Bow Saw |
| 14:26 | Create | Villager (Male) |
| 14:38 | Create | Villager (Male) |
| 14:39 | Create | Villager (Male) |
| 14:40 | Create | Villager (Male) |
| 14:40 | Create | Villager (Male) |
| 14:50 | Create | Villager (Male) |
| 15:11 | Create | Villager (Male) |
| 15:20 | Create | Villager (Male) |
| 15:21 | Create | Villager (Male) |
| 15:24 | Create | Villager (Male) |
| 15:45 | Create | Villager (Male) |
| 16:01 | Build | Town Center |
| 16:04 | Create | Villager (Male) |
| 16:06 | Research | Wheelbarrow |
| 16:08 | Create | Villager (Male) |
| 16:09 | Create | Villager (Male) |
| 16:23 | Research | Heavy Plow |
| 16:47 | Create | Villager (Male) |
| 16:47 | Create | Villager (Male) |
| 16:54 | Research | Loom |
| 16:57 | Create | Villager (Male) |
| 16:59 | Create | Villager (Male) |
| 17:06 | Build | Farm |
| 17:06 | Build | Farm |
| 17:06 | Build | Farm |
| 17:06 | Build | Farm |
| 17:07 | Build | Farm |
| 17:11 | Create | Villager (Male) |
| 17:27 | Create | Villager (Male) |
| 17:31 | Create | Villager (Male) |
| 17:43 | Create | Villager (Male) |
| 17:53 | Build | Farm |
| 18:02 | Build | Farm |
| 18:02 | Build | Farm |
| 18:03 | Build | Farm |
| 18:03 | Build | Farm |
| 18:03 | Build | Farm |
| 18:03 | Build | Farm |
| 18:04 | Build | Farm |
| 18:04 | Build | Farm |
| 18:08 | Create | Villager (Male) |
| 18:09 | Create | Villager (Male) |
| 18:14 | Create | Villager (Male) |
| 18:22 | Create | Villager (Male) |
Match timeline
| 5:30 | [GDL]Cucumber · age_up feudal |
| 6:44 | El Sr Don Jp · age_up feudal |
| 7:36 | El Wicho · age_up feudal |
| 7:36 | Dadagama · age_up feudal |
| 7:39 | Vicky · age_up feudal |
| 8:05 | RagnarokCo · age_up feudal |
| 8:27 | Codiman · age_up feudal |
| 8:35 | Codiman · wall_segment Stone Wall x19 |
| 8:39 | Codiman · wall_segment Stone Wall x12 |
| 8:42 | Dadagama · first_building Barracks |
| 8:44 | El Wicho · wall_segment Stone Wall x17 |
| 8:50 | Dadagama · first_building Stable |
| 8:51 | Codiman · wall_segment Stone Wall x11 |
| 8:57 | El Wicho · wall_segment Stone Wall x1 |
| 9:22 | LuLALa · age_up feudal |
| 9:44 | Dadagama · first_market_buy 100 food |
| 10:18 | Codiman · first_market_sell 100 wood |
| 10:47 | El Wicho · first_building Barracks |
| 10:51 | Dadagama · wall_segment Stone Wall x15 |
| 11:17 | Vicky · age_up castle |
| 11:18 | El Wicho · age_up castle |
| 11:48 | [GDL]Cucumber · first_building Archery Range |
| 12:00 | RagnarokCo · age_up castle |
| 12:02 | El Sr Don Jp · age_up castle |
| 12:24 | Dadagama · age_up castle |
| 12:48 | RagnarokCo · first_building Stable |
| 12:59 | [GDL]Cucumber · wall_segment Stone Wall x1 |
| 13:11 | Codiman · age_up castle |
| 13:21 | LuLALa · age_up castle |
| 13:29 | RagnarokCo · first_market_buy 100 food |
| 13:32 | [GDL]Cucumber · wall_segment Stone Wall x1 |
| 13:32 | [GDL]Cucumber · wall_segment Stone Wall x1 |
| 13:37 | [GDL]Cucumber · wall_segment Stone Wall x12 |
| 14:01 | [GDL]Cucumber · age_up castle |
| 15:33 | [GDL]Cucumber · first_market_sell 100 wood |
| 15:34 | [GDL]Cucumber · first_market_buy 100 stone |
| 15:52 | El Sr Don Jp · first_building Monastery |
| 16:41 | El Sr Don Jp · first_market_sell 100 wood |
| 17:02 | [GDL]Cucumber · wall_segment Stone Wall x1 |
| 17:03 | [GDL]Cucumber · wall_segment Stone Wall x1 |
| 17:43 | El Sr Don Jp · resign |
[ AI ANALYSIS · 1 CREDIT ]
What really happened in this match?
Wolo.gg analyzes every decision: build order, eco, micro, common mistakes by bracket. Personalized analysis on WhatsApp or Discord in 30 seconds.
Civ guide
Malians
Map guide
Fortress
Perfil
Jugador #11526726